 Dungeon Crawl Stone Soup version 0.27.0-1-g7a089689b8 (webtiles) character file.

Game seed: 10034945504314563672

843 Acheron the Chopper (level 7, -4/61 HPs)
             Began as a Minotaur Fighter on Aug 13, 2021.
             Was an Initiate of Okawaru.
             Slain by a troll (8 damage)
             ... on level 10 of the Dungeon.
             The game lasted 00:17:16 (6403 turns).

Acheron the Chopper (Minotaur Fighter)              Turns: 6403, Time: 00:17:16

Health: -4/61      AC:  8    Str: 20    XL:     7   Next: 68%
Magic:  6/6        EV:  9    Int:  6    God:    Okawaru [......]
Gold:   208        SH: 10    Dex: 11    Spells: 6/6 levels left

rFire    . . .     SeeInvis .   a - +0 war axe (chaos)
rCold    . . .     Faith    .   c - +0 kite shield
rNeg     + . .     Spirit   .   f - +0 scale mail "Vownu Vaelly" {rN+ rCorr}
rPois    .         Reflect  .   (helmet restricted)
rElec    .         Harm     .   (no cloak)
rCorr    +         Rampage  .   (no gloves)
Will     .....                  e - +0 pair of boots
Stlth    +.........             (no amulet)
HPRegen  0.20/turn              (no ring)
MPRegen  0.10/turn              (no ring)

@: no status effects
A: horns 2, retaliatory headbutt
a: Renounce Religion


You were on level 10 of the Dungeon.
You worshipped Okawaru.
Okawaru was noncommittal.
You visited 2 branches of the dungeon, and saw 10 of its levels.

You collected 208 gold pieces.

Inventory:

Hand Weapons
 a - a +0 war axe of chaos (weapon)
Missiles
 g - 14 poisoned darts
 n - 179 stones (quivered)
Armour
 c - a +0 kite shield (worn)
 e - a +0 pair of boots (worn)
 f - the +0 scale mail "Vownu Vaelly" (worn) {rN+ rCorr}
   (You found it on level 4 of the Dungeon)

   rN:        It protects you from negative energy.
   rCorr:     It protects you from acid and corrosion.
Jewellery
 b - an amulet of guardian spirit
 i - a ring of positive energy
Scrolls
 j - a scroll of teleportation
Potions
 d - 2 potions of might
 h - 3 potions of curing
 l - a potion of resistance
 m - a potion of brilliance
 o - 2 potions of flight


   Skills:
 + Level 5.0 Fighting
 + Level 5.7 Axes
 + Level 5.5 Armour
 * Level 3.3 Dodging
 * Level 3.1 Stealth
 + Level 5.2 Shields


You had 6 spell levels left.
You didn't know any spells.
Your spell library was empty.

Dungeon Overview and Level Annotations

Branches:
Dungeon (11/15)            Temple (1/1) D:6
   Lair: D:8-11         Orc: D:9-12

Altars:
Ashenzari
Cheibriados
Dithmenos
Elyvilon
Fedhas
Gozag
Hepliaklqana
Kikubaaqudgha
Makhleb
Nemelex Xobeh
Okawaru
Qazlal
Ru
Sif Muna
Trog
Uskayaw
Vehumet
Wu Jian
Xom
Zin
The Shining One

Shops:
D:8 =


Innate Abilities, Weirdness & Mutations

You have a pair of horns on your head.
You reflexively headbutt those who attack you in melee.


Message History

As you read the scroll labelled QOELEPPA TAY, it crumbles to dust.
It was a scroll of blinking.
Found a stone staircase leading up.
There is a stone staircase leading up here.
You climb upwards.
Found 19 gold pieces.
There is a stone staircase leading down here.
You now have 208 gold pieces (gained 19).
A troll comes into view.
The troll shouts!
The troll barely misses you. The troll claws you. You block the troll's attack.
You hit the troll but do no damage.
The troll is poisoned.
The troll bites you but does no damage. The troll claws you.
You block the troll's attack.
You barely miss the troll. You headbutt the troll.
The troll is lightly wounded.
The troll bites you but does no damage. The troll claws you.
The troll claws you but does no damage. The troll bites you!
The troll claws you but does no damage. You block the troll's attack.
You slash the troll! Lightning courses through the troll!
The troll is severely wounded.
The troll bites you. The troll claws you. The troll barely misses you.
You hit the troll but do no damage.
The troll easily resists.
The troll is severely wounded.
You block the troll's attack. The troll closely misses you.
The troll barely misses you.
You closely miss the troll. You headbutt the troll.
The troll is severely wounded.
You block the troll's attack. The troll claws you.
* * * LOW HITPOINT WARNING * * *
The troll claws you!
* * * LOW HITPOINT WARNING * * *
You block the troll's attack. The troll claws you but does no damage.
You block the troll's attack.
You closely miss the troll.
The troll is severely wounded.
The troll bites you.
* * * LOW HITPOINT WARNING * * *
The troll claws you!
You die...

#............
#.....####...
#......# ..
#.##...#
#.##...##
#........
#.###....
#.###....
#@T......
#........
#......#.
#......#
#.##...# #.#
...# #.. ...#
### ..#


You could see a troll (poisoned).

Vanquished Creatures
  A water moccasin (D:6)
  A wyvern skeleton (D:4)
  A killer bee (D:6)
  3 orc priests
  A hound (D:4)
  A gnoll shaman (D:5)
  3 bullfrog skeletons
  4 orc wizards
  12 gnolls
  6 adders
  A shadow imp (D:5)
  2 white imps (D:5)
  A worm (D:3)
  2 dart slugs (D:1)
  10 orcs
  6 endoplasms
  4 giant cockroaches
  6 hobgoblins
  10 jackals
  2 quokkas
  4 ball pythons
  5 bats
  A frilled lizard (D:1)
  4 goblins
  4 kobolds
  A quokka skeleton (D:4)
  24 rats
120 creatures vanquished.

Notes
Turn   | Place    | Note
-------+----------+-------------------------------------------
     0 | D:1      | Acheron the Minotaur Fighter began the quest for the Orb.
     0 | D:1      | Reached XP level 1. HP: 19/19 MP: 0/0
   152 | D:1      | Reached XP level 2. HP: 23/27 MP: 1/1
   836 | D:2      | Reached XP level 3. HP: 23/33 MP: 2/2
  1002 | D:3      | Found a faded altar of an unknown god.
  1078 | D:3      | Reached skill level 1 in Dodging
  1078 | D:3      | Reached skill level 1 in Stealth
  1096 | D:3      | Reached XP level 4. HP: 16/40 MP: 3/3
  1150 | D:3      | HP: 2/40 [orc priest (1)]
  1622 | D:2      | Reached XP level 5. HP: 45/46 MP: 4/4
  2714 | D:5      | Entered Level 5 of the Dungeon
  2732 | D:4      | Identified the +0 scale mail "Vownu Vaelly" {rN+ rCorr}
  2848 | D:4      | Reached XP level 6. HP: 34/53 MP: 5/5
  4935 | D:5      | Reached skill level 5 in Armour
  5044 | D:5      | Reached skill level 5 in Axes
  5044 | D:5      | Reached XP level 7. HP: 57/60 MP: 6/6
  5062 | D:5      | Reached skill level 5 in Shields
  5491 | D:6      | Found a staircase to the Ecumenical Temple.
  5509 | Temple   | Entered the Ecumenical Temple
  5839 | Temple   | Became a worshipper of Warmaster Okawaru
  6085 | D:6      | Reached skill level 5 in Fighting
  6315 | D:6      | You fall into a shaft and drop 2 floors!
  6315 | D:8      | Found Akhleu's Jewellery Shop.
  6348 | D:8      | You fall into a shaft and drop 3 floors!
  6354 | D:11     | Noticed a snapping turtle
  6363 | D:11     | Noticed a troll
  6380 | D:10     | Entered Level 10 of the Dungeon
  6396 | D:10     | Noticed a troll
  6403 | D:10     | Slain by a troll

Illustrated notes

Levels and vault maps discovered:
D:1:      minmay_arrival_up_and_down, layout_basic
D:2:      layout_basic, minmay_stone_trees_small, roderic_filled_cross,
          kennysheep_pointless_box, minmay_tetromino_s4
D:3:      layout_loops_ring, hellmonk_ecumenical_altar_blasted
D:4:      layout_basic, minmay_rat_hole
D:5:      layout_cave_pods, due_unseen_surprise
D:6:      minmay_spotlight, layout_loops_corners,
          minmay_temple_entry_antechambers
D:8:      layout_rooms, dpeg_oklobed_lair, serial_shops, nicolae_shop_crystal,
          uniq_joseph, uniq_pikel, uniq_maurice
D:10:     layout_basic, dk_yredelemnul_ordeal, serial_shops, nicolae_shop_trees,
          uniq_fannar
D:11:     layout_basic, david_orc_2, gammafunk_ghost_nasty_kobolds,
          serial_aquarium, aquarium_bridge_square [aquarium_subvault_wall,
          aquarium_subvault_balcony, aquarium_subvault_wall,
          aquarium_subvault_bridge], aquarium_bridge_square
          [aquarium_subvault_bridge, aquarium_subvault_window,
          aquarium_subvault_bridge, aquarium_subvault_bridge],
          aquarium_window_fake, aquarium_window_corridor_1,
          aquarium_window_double, aquarium_window_1, aquarium_view_2b,
          aquarium_view_2b, aquarium_pool_2, kennysheep_generic_room_16
Temple:   compressed_dpeg_triangle_lava_temple

Skill      XL: |  1  2  3  4  5  6  7 |
---------------+----------------------+-----
Shields        | 4 5 |  5.2
Armour         | 4 5 |  5.5
Fighting       | 4 5 |  5.0
Axes           | 3 4 5 |  5.7
Dodging        | 1 2 3 |  3.3
Stealth        | 1 2 3 |  3.1

Action                   |  1- 3 |  4- 6 |  7- 9 || total
-------------------------+-------+-------+-------++-------
Melee: War axe           |    57 |   178 |    54 ||   289
       Headbutt          |     5 |    31 |     8 ||    44
Throw: Throwing net      |       |     1 |       ||     1
  Use: Scroll            |       |     7 |     4 ||    11
       Potion            |       |     1 |       ||     1
 Stab: Petrified         |       |       |     1 ||     1
Armor: Scale mail        |    38 |    90 |    45 ||   173
Dodge: Dodged            |    19 |    74 |    11 ||   104
Block: Kite shield       |    29 |   119 |    34 ||   182
